 Dungeon Crawl Stone Soup version 0.32-a0-818-gb728d0252e (webtiles) character file.

Game seed: 11878336160496534553

143460 Ajdolov the Bludgeoner (level 17, -2/89 HPs)
             Began as a Vine Stalker Fighter on Mar 24, 2024.
             Was the Champion of Hepliaklqana.
             Engulfed by a cloud of thunder (23 damage)
             ... on level 3 of the Snake Pit.
             The game lasted 00:49:08 (21732 turns).

Ajdolov the Bludgeoner (Vine Stalker Fighter)      Turns: 21732, Time: 00:49:10

Health: -2/89      AC: 31    Str: 27    XL:     17   Next: 37%
Magic:  0/35       EV: 13    Int:  8    God:    Hepliaklqana [******]
Gold:   209        SH: 13    Dex: 14    Spells: 16/16 levels left

rFire   + . .        R - +6 eveningstar (drain)
rCold   + . .        k - +2 kite shield
rNeg    + . .        V - +10 plate armour "Nujyros" {+Blink rN+ Regen+}
rPois   .            J - +2 hat
rElec   .            j - +0 cloak
rCorr   .            G - +1 pair of gloves "Nezuz" {rF+ rC+ Slay+4}
SInv    .            D - +0 pair of boots
Will    ++...        r - amulet of regeneration Stlth
                     t - +5 ring of evasion
HPRegen 2.74/turn    I - ring of magical power
MPRegen 0.24/turn

%: guardian spirit
@: mighty, studying Unarmed Combat, very slow
A: reduced essence, fangs 3, regeneration 1, magic shield, antimagic bite, no
potion heal 2
a: Renounce Religion, Evoke Blink, Recall Ancestor, Ancestor Identity,
Transference, Idealise


You were on level 3 of the Snake Pit.
You worshipped Hepliaklqana.
Hepliaklqana was exalted by your worship.
You visited 4 branches of the dungeon, and saw 25 of its levels.
You visited 1 bazaar.
You also visited: Sewer.

You collected 2829 gold pieces.
You spent 2620 gold pieces at shops.

Inventory:

Hand Weapons
 R - a +6 eveningstar of draining (weapon)
Missiles
 y - 5 throwing nets
 E - 12 boomerangs
 Q - 5 curare-tipped darts (quivered)
Armour
 j - a +0 cloak (worn)
 k - a +2 kite shield (worn)
 D - a +0 pair of boots (worn)
 G - the +1 pair of gloves "Nezuz" (worn) {rF+ rC+ Slay+4}
   (You found it on level 6 of the Dungeon)

   Slay+4:    It affects your accuracy & damage with ranged weapons and melee
   (+4).
   rF+:       It protects you from fire.
   rC+:       It protects you from cold.
 J - a +2 hat (worn)
 V - the +10 plate armour "Nujyros" (worn) {+Blink rN+ Regen+}
   (You bought it in a shop on level 2 of the Orcish Mines)

   rN+:       It protects you from negative energy.
   +Blink:    It lets you blink.
   Regen+:    It increases your rate of health regeneration.
Jewellery
 m - an amulet of reflection
 q - a +4 ring of slaying
 r - an amulet of regeneration (around neck)
 t - a +5 ring of evasion (left hand)
 I - a ring of magical power (right hand)
 P - a ring of ice
Wands
 b - a wand of digging (11)
 g - a wand of flame (40)
 l - a wand of roots (21)
 o - a wand of acid (20)
 v - a wand of paralysis (4)
Scrolls
 a - 3 scrolls of vulnerability
 e - 2 scrolls of noise
 f - a scroll of butterflies
 h - 6 scrolls of fog
 s - 11 scrolls of enchant armour
 w - 9 scrolls of teleportation
 x - 2 scrolls of fear
 z - 6 scrolls of revelation
 A - 4 scrolls of poison
 C - 6 scrolls of blinking
 N - 2 scrolls of silence
 O - a scroll of immolation
 S - a scroll of brand weapon
 T - a scroll of torment
 W - 4 scrolls of amnesia {unknown}
 X - a scroll of identify
Potions
 c - a potion of resistance
 d - 7 potions of might
 i - 9 potions of curing
 n - 4 potions of haste
 p - 4 potions of brilliance
 u - 2 potions of invisibility
 B - 2 potions of mutation
 F - 3 potions of attraction
 H - 4 potions of lignification
 K - 3 potions of cancellation
 L - a potion of berserk rage
 M - a potion of enlightenment {unknown}
 U - 2 potions of ambrosia {unknown}


   Skills:
 - Level 15.0 Fighting
 - Level 16.0 Maces & Flails
 - Level 10.0 Armour
 + Level 6.3 Dodging
 - Level 10.0 Shields
 - Level 10.7 Invocations
 - Level 5.0 Evocations


You had 16 spell levels left.
You didn't know any spells.
Your spell library contained the following spells:

 Spells                   Type           Power      Damage    Failure   Level
 Foxfire                  Conj/Fire      0%         2x1d4     99%         1
 Magic Dart               Conj           0%         1d3       99%         1
 Blink                    Tloc           0%         N/A       100%        2
 Cigotuvi's Dreadful Rot  Necr/Alch/Air  0%         N/A       100%        2
 Lesser Beckoning         Tloc           0%         N/A       100%        2
 Momentum Strike          Conj/Tloc      0%         3d8       100%        2
 Searing Ray              Conj           0%         2d4       100%        2
 Confusing Touch          Hex            0%         N/A       100%        3
 Dazzling Flash           Conj/Hex       0%         N/A       100%        3
 Gell's Gravitas          Tloc           0%         N/A       100%        3
 Inner Flame              Hex/Fire       0%         N/A       100%        3
 Passwall                 Erth           0%         N/A       100%        3
 Stone Arrow              Conj/Erth      0%         3d7       100%        3
 Teleport Other           Tloc           0%         N/A       100%        3
 Volatile Blastmotes      Fire/Tloc      0%         2d10      100%        3
 Dispel Undead            Necr           0%         3d6       100%        4
 Fulminant Prism          Conj/Alch      0%         3d5       100%        4
 Ignite Poison            Fire/Alch      0%         N/A       100%        4
 Leda's Liquefaction      Alch/Erth      0%         N/A       100%        4
 Martyr's Knell           Necr/Summ      0%         N/A       100%        4
 Sticky Flame             Fire/Alch      0%         2d4       100%        4
 Irradiate                Conj/Alch      0%         3d11      100%        5
 Bombard                  Conj/Erth      0%         9d1       100%        6
 Dispersal                Tloc           0%         N/A       100%        6
 Plasma Beam              Fire/Air       0%         2x1d10    100%        6
 Starburst                Conj/Fire      0%         6d3       100%        6
 Enfeeble                 Hex            0%         N/A       100%        7
 Ignition                 Fire           0%         3d3       100%        8
 Maxwell's Capacitive Co  Air            0%         ∞         100%        8


Dungeon Overview and Level Annotations

Branches:
Dungeon (15/15)            Temple (0/1) D:6            Lair (5/5) D:10
  Swamp (0/4) Lair:3        Snake (3/4) Lair:3        Slime (0/5) Lair:4
    Orc (2/2) D:9             Elf (0/3) Orc:2        Vaults (0/5) D:13
 Depths (0/4) D:15          Sewer (visited)

Altars:
Ashenzari
Cheibriados
Elyvilon
Fedhas
Gozag
Hepliaklqana
Kikubaaqudgha
Makhleb
Nemelex Xobeh
Okawaru
Qazlal
Trog
Uskayaw
Vehumet
Wu Jian
Xom
Yredelemnul
Beogh
Jiyva

Shops:
D:3 ?   D:4 ?:==   D:6 !   D:10 ?(   Orc:2 [!!:   Snake:1 *   Snake:2 [[

Annotations:
D:3 exclusion: oklob plant
Lair:2 3 runed translucent doors, paps's ghost, journeyman OpSh


Innate Abilities, Weirdness & Mutations

Your life essence is reduced to manifest your ancestor. (-10% HP)
You have razor-sharp teeth.
Your natural rate of healing is unusually fast.
When hurt, damage is shared between your health and your magic reserves.
Your bite disrupts and absorbs the magic of your enemies.
Potions cannot restore your health.


Message History

Aim: Bai Suzhen (severely wounded, surrounded by thunder, not watching you, lightly drained, ally target, chance to affect: 7%)
Okay, then.
Unknown command.
Aiming: Fastroot
Press: ? - help, Shift-Dir - straight line, f/p - black mamba
Aim: a black mamba (lightly wounded, covered in acid)
The roots erupt in riotous growth!
Roots grab Bai Suzhen.
Faivel avoids your attack.
Roots grab the black mamba.
The grasping roots constrict Bai Suzhen!
The grasping roots constrict the black mamba!
You hear an angry hiss.
Faivel is engulfed in a thunderstorm.
Faivel is destroyed!
Bai Suzhen escapes!
Okay, then.
You feel very mighty all of a sudden.
You are engulfed in a thunderstorm.
* * * LOW HITPOINT WARNING * * *
The grasping roots constrict the black mamba!
The black mamba escapes!
Bai Suzhen bites you but does no damage.
You block Bai Suzhen's attack. Bai Suzhen closely misses you.
You sock Bai Suzhen! You drain Bai Suzhen.
You bite Bai Suzhen, but do no damage.
Bai Suzhen is severely wounded.
Unknown command.
Your unstable footing causes you to fumble your attack.
You block Bai Suzhen's attack.
Bai Suzhen claws you but does no damage.
You block Bai Suzhen's attack.
You perforate Bai Suzhen like a sieve!!!
You drain Bai Suzhen.
You kill Bai Suzhen!
You hear a splash. x2
The storm dragon scales {Bai Suzhen} are intact enough to wear.
You are engulfed in a thunderstorm.
You die...
Hepliaklqana delivers you to your ancestors.

##...#..###
##....^....
#.†).....##
##.†.......#
#..........#
#.###......#
####.........
##[S..#.>..###
#@##§##...##
####......#
#....##.....#
...#.## .....#
# #...# ....
... .#


You could see a black mamba (corroded).

Vanquished Creatures
  Bai Suzhen (Snake:3)
  Mlioglotl (Snake:1)
  Rupert (D:14)
  Agnes (D:14)
  An eleionoma (Lair:3)
  Snorg (D:10)
  An ettin (D:15)
  Josephine (D:13)
  6 hydras
  An ogre mage (D:15)
  2 salamander tyrants (Snake:2)
  A death knight (D:14)
  Erica (D:8)
  5 boulder beetles
  3 anacondas
  6 two-headed ogres
  A centaur warrior (D:14)
  4 naga warriors (Snake:2)
  3 tengu warriors (D:15)
  2 naga sharpshooters (Snake:2)
  Sonja (D:10)
  A shock serpent (Snake:1)
  Urug (D:10)
  A salamander mystic (Snake:2)
  A skyshark (Lair:4)
  4 skeletal warriors (D:15)
  A deep troll (D:15)
  An arcanist (D:15)
  2 naga ritualists
  4 mana vipers
  A wolf spider (D:15)
  2 deep elf pyromancers
  An orc knight (Orc:1)
  An obsidian bat (Orc:2)
  7 ugly things
  6 orc sorcerers
  5 cyclopes
  7 salamanders
  3 meliai (D:13)
  A manticore (D:13)
  7 elephants (Lair:4)
  13 black mambas
  4 naga magi
  A torpor snail (Lair:5)
  10 cane toads
  A gargoyle (D:10)
  8 rime drakes
  An orange demon (D:8)
  An efreet (D:14)
  15 komodo dragons
  A freezing wraith (D:15)
  Psyche (D:8)
  A tengu conjurer (D:15)
  11 polar bears
  6 trolls
  Grinder (D:5)
  10 blink frogs
  A hornet (D:9)
  9 dream sheep
  2 glass eyes (D:9)
  2 slime creatures (D:13)
  A shadow (D:12)
  A vampire (D:10)
  2 wraiths (D:13)
  6 wyverns
  103 yaks
  3 basilisks
  8 wargs
  3 steam dragons (Lair:5)
  7 vampire mosquitoes
  Menkaure (D:6)
  6 nagas
  Duvessa (D:5)
  3 acid dragons
  A swamp drake (Lair:5)
  15 water moccasins
  An ice beast (D:6)
  12 hell hounds (Lair:5)
  9 orc warriors
  12 black bears
  24 wolves
  10 ogres
  9 centaurs
  7 kobold brigands
  12 bullfrogs
  2 gnoll sergeants (D:9)
  4 scorpions (D:10)
  A hornet simulacrum (D:15)
  8 wights
  8 killer bees
  4 electric eels (Lair:5)
  2 lava snakes (Lair:3)
  A jelly (D:7)
  15 orc priests
  A gnoll bouda (Lair:5)
  11 iguanas
  27 orc wizards
  2 hell rats (Lair:2)
  An adder (D:2)
  4 gnolls
  A white imp (D:6)
  An ufetubus (D:5)
  A ribbon worm (D:3)
  43 orcs
  6 ball pythons
  8 endoplasms
  2 giant cockroaches
  9 goblins
  9 hobgoblins
  4 jackals (D:3)
  2 quokkas (D:1)
  3 bats
  3 frilled lizards
  14 kobolds
  6 rats
660 creatures vanquished.

Vanquished Creatures (collateral kills)
  Asterion (Snake:1)
  Gastronok (D:8)
  Aizul (Snake:1)
  An ironbound preserver (D:13)
  An entropy weaver (D:13)
  A fire dragon (Lair:5)
  Erolcha (Orc:2)
  2 anacondas
  An ogre mage (Orc:2)
  A two-headed ogre (D:15)
  2 catoblepae
  A centaur warrior (D:13)
  A hell hog (Lair:5)
  A naga warrior (Snake:2)
  Amaemon (D:8)
  A skeletal warrior (D:15)
  A salamander mystic (Snake:2)
  A naga ritualist (Snake:1)
  A mana viper (Snake:1)
  A swamp dragon (Lair:5)
  An obsidian bat (Orc:1)
  An ugly thing (D:14)
  A salamander (Snake:2)
  4 orc sorcerers (Orc:2)
  A cyclops (D:15)
  2 elephants (Lair:4)
  4 black mambas
  A naga mage (Snake:1)
  A cane toad (Lair:1)
  A torpor snail (Lair:3)
  A gargoyle (D:12)
  Jeremiah (D:8)
  Maggie (D:8)
  5 komodo dragons
  A tengu conjurer (D:15)
  A queen bee (shapeshifter) (D:13)
  2 hornets
  3 polar bears
  2 blink frogs
  5 dream sheep
  A slime creature (D:13)
  Sigmund (D:6)
  2 wraiths (D:13)
  3 wyverns
  20 yaks
  A steam dragon (D:9)
  A warg (Lair:5)
  3 vampire mosquitoes
  Edmund (D:5)
  4 nagas
  2 acid dragons (Lair:5)
  2 water moccasins (Lair:2)
  2 hell hounds (Lair:5)
  8 orc warriors
  A swamp drake (Lair:5)
  An ice beast (D:7)
  5 black bears
  5 ogres
  11 wolves
  2 centaurs
  A phantom (D:5)
  4 kobold brigands
  4 bullfrogs
  2 scorpions
  A wight (D:9)
  Dowan (D:5)
  7 killer bees
  A howler monkey (D:9)
  A lava snake (Lair:3)
  6 orc priests
  2 sleepcaps
  3 hell rats (Lair:2)
  19 orc wizards
  5 iguanas
  12 adders
  5 gnolls
  A river rat (Sewer)
  An ufetubus (D:5)
  2 ribbon worms (Sewer)
  33 orcs
  A bat (D:3)
  3 endoplasms
  A giant cockroach (D:3)
  2 goblins (D:3)
  A hobgoblin (D:4)
  3 quokkas
  3 training dummies (D:10)
  A ball python (D:3)
  19 kobolds
  5 rats
287 creatures vanquished.

Vanquished Creatures (others)
  17 battlemagi
  An orc wizard (Orc:2)
18 creatures vanquished.

Grand Total: 965 creatures vanquished

Notes
Turn   | Place    | Note
-------+----------+-------------------------------------------
     0 | D:1      | Ajdolov the Vine Stalker Fighter began the quest for the
                  | Orb.
     0 | D:1      | Reached XP level 1. HP: 11/11 MP: 2/2
   100 | D:1      | Reached XP level 2. HP: 16/16 MP: 1/3
   223 | D:1      | Reached XP level 3. HP: 12/21 MP: 4/4
   290 | D:1      | Found a faded altar of an unknown god.
   305 | D:1      | Prayed at the altar of an unknown god.
   305 | D:1      | Became a worshipper of Hepliaklqana the Forgotten
   305 | D:1      | Reached * piety under Hepliaklqana
  1179 | D:2      | Reached XP level 4. HP: 23/23 MP: 5/5
  1703 | D:3      | Reached ** piety under Hepliaklqana
  1704 | D:3      | Remembered your ancestor Faivel as a battlemage
  1766 | D:3      | Reached skill level 5 in Fighting
  1806 | D:3      | Found a glowing drain.
  1813 | Sewer    | Entered a sewer
  1834 | Sewer    | Reached skill level 2 in Maces & Flails
  1834 | Sewer    | Reached XP level 5. HP: 27/27 MP: 6/6
  2038 | Sewer    | Noticed a kobold brigand
  2048 | Sewer    | Killed a kobold brigand
  2049 | Sewer    | Reached skill level 3 in Maces & Flails
  2049 | Sewer    | Reached XP level 6. HP: 31/31 MP: 7/7
  2155 | Sewer    | Reached skill level 4 in Maces & Flails
  2367 | D:3      | Reached skill level 5 in Maces & Flails
  2411 | D:3      | Found Teenkyud's Magic Scroll Shoppe.
  2420 | D:3      | Reached XP level 7. HP: 33/35 MP: 8/8
  2424 | D:3      | Bought a scroll of identify for 26 gold pieces
  2424 | D:3      | Bought a scroll of teleportation for 39 gold pieces
  2881 | D:3      | Found a blossoming altar of Fedhas.
  2906 | D:3      | Noticed an oklob plant
  2977 | D:4      | Found Moiwk's Book Shop.
  3034 | D:4      | Identified the +1 leather armour of Yzimip {rPois rN+ rCorr
                  | Dex+3}
  3112 | D:4      | Reached *** piety under Hepliaklqana
  3211 | D:4      | Found Bysecyar's Magic Scroll Shoppe.
  3228 | D:4      | Reached skill level 6 in Maces & Flails
  3236 | D:4      | Bought a scroll of fear for 48 gold pieces
  3405 | D:4      | Identified the +8 long sword of Kigikekog {antimagic, Int+4
                  | Stlth+}
  3552 | D:4      | Found Gahi's Jewellery Shoppe.
  3556 | D:4      | Found Cewaom's Jewellery Boutique.
  4095 | D:5      | Entered Level 5 of the Dungeon
  4258 | D:5      | Noticed Grinder
  4264 | D:5      | Paralysed by Grinder for 4 turns
  4273 | D:5      | Killed Grinder
  4274 | D:5      | Reached skill level 7 in Maces & Flails
  4274 | D:5      | Gained mutation: You have razor-sharp teeth. [Vine Stalker
                  | growth]
  4274 | D:5      | Reached XP level 8. HP: 33/38 MP: 6/9
  4293 | D:5      | Found a hazy altar of Hepliaklqana.
  4367 | D:5      | Reached skill level 8 in Maces & Flails
  4406 | D:5      | Reached **** piety under Hepliaklqana
  4415 | D:5      | Found a hide-covered altar of Uskayaw.
  4519 | D:5      | Noticed Dowan
  4520 | D:5      | Noticed Duvessa
  4520 | D:5      | Noticed Edmund
  4540 | D:5      | Killed Duvessa
  4540 | D:5      | Killed Edmund
  4541 | D:5      | Killed Dowan
  4542 | D:5      | Reached skill level 9 in Maces & Flails
  4558 | D:5      | Got the Catalogue of the Bewitched Syncline
  4584 | D:6      | Reached XP level 9. HP: 42/42 MP: 10/10
  4636 | D:6      | Found a staircase to the Ecumenical Temple.
  4699 | D:6      | Found an ornate altar of the Wu Jian Council.
  4713 | D:6      | Found a burning altar of Makhleb.
  4765 | D:6      | Identified the +1 pair of gloves "Nezuz" {rF+ rC+ Slay+4}
  4861 | D:6      | Noticed Menkaure
  4862 | D:6      | Found Baumemar's Distillery.
  4867 | D:6      | Killed Menkaure
  4876 | D:6      | Bought a potion of curing for 39 gold pieces
  4960 | D:6      | Noticed Sigmund
  4969 | D:6      | Reached skill level 10 in Maces & Flails
  4969 | D:6      | Reached skill level 1 in Invocations
  4971 | D:6      | Killed Sigmund
  5175 | D:6      | Found a white marble altar of Elyvilon.
  5528 | D:7      | Reached skill level 5 in Invocations
  5661 | D:7      | Identified the +10 falchion "Util" {elec, Dex+6 SInv}
  5831 | D:7      | Found a snail-covered altar of Cheibriados.
  6047 | D:7      | Reached XP level 10. HP: 42/45 MP: 11/14
  6124 | D:7      | Reached skill level 11 in Maces & Flails
  6178 | D:8      | Paralysed by a hornet for 3 turns
  6259 | D:8      | Noticed Erica
  6264 | D:8      | Killed Erica
  6274 | D:8      | Noticed Maggie
  6281 | D:8      | Killed Maggie
  6282 | D:8      | Reached skill level 12 in Maces & Flails
  6283 | D:8      | Noticed Gastronok
  6295 | D:8      | Killed Gastronok
  6383 | D:8      | Noticed Jeremiah
  6387 | D:8      | Reached XP level 11. HP: 52/52 MP: 15/15
  6408 | D:8      | Killed Jeremiah
  6454 | D:8      | Noticed Psyche
  6458 | D:8      | Killed Psyche
  6522 | D:8      | Reached ***** piety under Hepliaklqana
  6523 | D:8      | Noticed Amaemon
  6528 | D:8      | Reached skill level 13 in Maces & Flails
  6534 | D:8      | Killed Amaemon
  6560 | D:8      | Found a shimmering altar of Xom.
  6566 | D:8      | Found an opulent altar of Gozag.
  6768 | D:8      | Found an iron altar of Okawaru.
  7048 | D:9      | Found a staircase to the Orcish Mines.
  7212 | D:9      | Noticed a cyclops
  7261 | D:9      | Killed a cyclops
  7262 | D:9      | Reached skill level 14 in Maces & Flails
  7824 | D:9      | Noticed a boulder beetle
  7832 | D:9      | Killed a boulder beetle
  7833 | D:9      | Reached XP level 12. HP: 60/60 MP: 16/16
  7842 | D:9      | Reached skill level 10 in Fighting
  7929 | D:10     | Entered Level 10 of the Dungeon
  7939 | D:10     | Found an ancient bone altar of Kikubaaqudgha.
  7951 | D:10     | Noticed Sonja
  7987 | D:10     | Paralysed by Sonja for 4 turns
  8001 | D:10     | Killed Sonja
  8057 | D:10     | Found a stormy altar of Qazlal.
  8114 | D:10     | Reached skill level 5 in Armour
  8225 | D:10     | Found a staircase to the Lair.
  8225 | D:10     | Noticed Snorg
  8304 | D:10     | Killed Snorg
  8399 | D:10     | Found Gilomnas's Firing Range.
  8405 | D:10     | Bought a throwing net for 45 gold pieces
  8405 | D:10     | Bought a throwing net for 45 gold pieces
  8618 | D:10     | Found Hixitaeme's Magic Scroll Shop.
  8619 | D:10     | Noticed Urug
  8627 | D:10     | Killed Urug
  8646 | D:10     | Bought a scroll of teleportation for 45 gold pieces
  8646 | D:10     | Bought a scroll of identify for 30 gold pieces
  8646 | D:10     | Bought a scroll of identify for 30 gold pieces
  8715 | D:10     | Found a bloodstained altar of Trog.
  8932 | D:10     | Found a broken altar of Ashenzari.
  8932 | D:10     | Found a sparkling altar of Nemelex Xobeh.
  8947 | D:10     | Found a faded altar of an unknown god.
  8949 | D:10     | Found a faded altar of an unknown god.
  8951 | D:10     | Found a basalt altar of Yredelemnul.
  9025 | D:10     | You fall into a shaft and drop 2 floors!
  9223 | D:11     | Noticed a two-headed ogre
  9229 | D:11     | Killed a two-headed ogre
  9264 | D:11     | Noticed a two-headed ogre
  9277 | D:11     | Killed a two-headed ogre
  9428 | D:11     | Found a flickering gateway to a bazaar.
  9440 | Bazaar   | Entered a bazaar
  9452 | Bazaar   | Found Rumagi's Antique Weapon Emporium.
  9464 | Bazaar   | Found Oraesibi's Antique Weapon Shoppe.
  9480 | Bazaar   | Found Geerph's Antique Armour Shoppe.
  9491 | Bazaar   | Found Gadad's Antique Armour Emporium.
  9511 | Bazaar   | Bought a runed kite shield for 142 gold pieces
  9881 | D:11     | Reached XP level 13. HP: 55/64 MP: 17/17
 10033 | Lair:1   | Entered Level 1 of the Lair of Beasts
 10239 | Lair:1   | Reached skill level 10 in Armour
 10433 | Lair:1   | Identified the +4 ring mail "Wyvaeh" {Will++}
 10684 | Lair:1   | Reached ****** piety under Hepliaklqana
 10975 | Lair:2   | Noticed a minotaur
 10975 | Lair:2   | Noticed paps's ghost (journeyman OpSh)
 11217 | Lair:2   | Found a runed translucent gate.
 11217 | Lair:2   | Found a runed translucent gate.
 11218 | Lair:2   | Found a runed translucent gate.
 11733 | Lair:3   | Reached XP level 14. HP: 69/69 MP: 21/21
 11778 | Lair:3   | Reached skill level 15 in Maces & Flails
 11941 | Lair:3   | Found a staircase to the Swamp.
 11941 | Lair:3   | Noticed an eleionoma
 11959 | Lair:3   | Killed an eleionoma
 12315 | Lair:3   | Found a staircase to the Snake Pit.
 12826 | Lair:4   | Reached skill level 10 in Invocations
 12839 | Lair:4   | Reached skill level 16 in Maces & Flails
 13207 | Lair:4   | Found a viscous altar of Jiyva.
 13207 | Lair:4   | Found a staircase to the Slime Pits.
 13689 | Lair:5   | Entered Level 5 of the Lair of Beasts
 14008 | Lair:5   | Reached XP level 15. HP: 73/73 MP: 24/24
 14268 | Lair:5   | Reached skill level 5 in Shields
 14833 | Lair:5   | Identified the +5 great mace "Tokharow" {drain, rPois rC+
                  | rN+ MP+9}
 16056 | D:4      | Bought a scroll of enchant armour for 90 gold pieces
 16056 | D:4      | Bought a scroll of enchant weapon for 90 gold pieces
 16056 | D:4      | Bought a scroll of identify for 24 gold pieces
 16056 | D:4      | Bought a scroll of butterflies for 48 gold pieces
 16056 | D:4      | Bought a scroll of identify for 24 gold pieces
 16056 | D:4      | Bought a scroll of identify for 24 gold pieces
 16056 | D:4      | Bought 3 scrolls of enchant armour for 270 gold pieces
 16056 | D:4      | Bought a scroll of revelation for 90 gold pieces
 16218 | D:13     | Noticed Josephine
 16296 | D:13     | Killed Josephine
 16462 | D:13     | Found an iron altar of Okawaru.
 16930 | D:13     | Found a gate to the Vaults.
 17078 | D:14     | Noticed Agnes
 17088 | D:14     | Killed Agnes
 17089 | D:14     | Reached XP level 16. HP: 50/82 MP: 17/25
 17325 | D:14     | Identified the maw talisman of the Jabberwock {rPois rCorr
                  | Str-4 Slay+5}
 17325 | D:14     | Noticed Rupert
 17331 | D:14     | Killed Rupert
 17722 | D:15     | Entered Level 15 of the Dungeon
 17818 | D:15     | Identified the staff "Aniu" {Dex+7 Conj}
 17875 | D:15     | Found a staircase to the Depths.
 18760 | Orc:1    | Entered Level 1 of the Orcish Mines
 18866 | Orc:1    | Reached skill level 15 in Fighting
 19227 | Orc:2    | Entered Level 2 of the Orcish Mines
 19571 | Orc:2    | Found a staircase to the Elven Halls.
 19719 | Orc:2    | Found Rotuneer's Book Emporium.
 19772 | Orc:2    | Found a radiant altar of Vehumet.
 19772 | Orc:2    | Noticed Erolcha
 19791 | Orc:2    | Killed Erolcha
 19880 | Orc:2    | Reached skill level 10 in Shields
 19882 | Orc:2    | Found a roughly hewn altar of Beogh.
 19883 | Orc:2    | Found Nilico Joup's Distillery.
 19925 | Orc:2    | Found Isoifod's Antique Armour Emporium.
 19926 | Orc:2    | Bought a potion of resistance for 130 gold pieces
 19926 | Orc:2    | Bought a potion of cancellation for 104 gold pieces
 19926 | Orc:2    | Bought a potion of might for 52 gold pieces
 19932 | Orc:2    | Found Hin Rie's Distillery.
 19935 | Orc:2    | Bought a buzzing plate armour for 980 gold pieces
 19935 | Orc:2    | Identified the +10 plate armour "Nujyros" {+Blink rN+
                  | Regen+} (You bought it in a shop on level 2 of the Orcish
                  | Mines)
 19983 | Orc:2    | Found an ancient bone altar of Kikubaaqudgha.
 20316 | Snake:1  | Entered Level 1 of the Snake Pit
 20318 | Snake:1  | Found an opulent altar of Gozag.
 20348 | Snake:1  | Noticed Mlioglotl
 20367 | Snake:1  | Killed Mlioglotl
 20368 | Snake:1  | Reached skill level 1 in Dodging
 20368 | Snake:1  | Reached skill level 1 in Evocations
 20435 | Snake:1  | Identified the serpent talisman "Dofuis Vujed" {rF- rC+
                  | Will+ Dex+3}
 20435 | Snake:1  | Noticed Aizul
 20450 | Snake:1  | Killed Aizul
 20510 | Snake:1  | Found Count's Assorted Antiques.
 20518 | Snake:1  | Bought a tourmaline ring for 205 gold pieces
 20585 | Snake:1  | Noticed Asterion
 20592 | Snake:1  | Killed Asterion
 20618 | Snake:1  | Reached XP level 17. HP: 22/89 MP: 26/26
 21061 | Snake:2  | Found a blossoming altar of Fedhas.
 21158 | Snake:2  | Reached skill level 5 in Evocations
 21235 | Snake:2  | Reached skill level 5 in Dodging
 21239 | Snake:2  | Found Bestiot's Antique Armour Emporium.
 21335 | Snake:2  | Found Evith's Armour Boutique.
 21711 | Snake:3  | Noticed Bai Suzhen
 21732 | Snake:3  | Killed Bai Suzhen
 21732 | Snake:3  | Engulfed by a cloud of thunder

Illustrated notes

Levels and vault maps discovered:
D:1:      sevenhm_arrival_forest_fort_large_4, layout_loops_ring,
          chequers_ecumenical_altar_simple_redux, minmay_quantized
D:2:      layout_loops_ring
D:3:      layout_loops_ring, tgw_fedhas, serial_shops, nicolae_diamond_shop,
          mainiacjoe_sewer_entry_somewhere_in_here_1, minmay_box_of_dots
D:4:      layout_layer_cave, serial_shops, nicolae_stop_n_shop_1, shop,
          nicolae_shop_just_a_little_nook, shop, hangedman_decor_slide_cut,
          corexii_shack, minivault_24, nicolae_zen_rock_garden
D:5:      layout_basic, nicolae_uskayaw_suspiria, old_standard_altar,
          uniq_grinder, uniq_duvessa, uniq_edmund
D:6:      layout_layer_cave, elyvilon_altar_5, kennysheep_little_box,
          mainiacjoe_overflow_brackets, minmay_temple_entry_grid, serial_shops,
          shop, serial_bayou_pond_d, uniq_sigmund, uniq_menkaure
D:7:      layout_loops_cross, pf_just_have_faith
D:8:      minmay_flawed_box, layout_gridville,
          hellmonk_okawaru_the_only_friend_you_need, lemuel_crystal_altar,
          overflow_temple_1_default, uniq_jeremiah, uniq_psyche, uniq_maggie,
          uniq_amaemon, uniq_gastronok, uniq_erica
D:9:      layout_loops_ring, erik_orc_3, grunt_ministairs_8,
          serial_park_tiny_pond, onia_ninara_cookie
D:10:     layout_irregular_city, nicolae_qazlal_scattered_showers,
          general_overflow_altar, chequers_temple_overflow_minitemple,
          trog_butcher_becter, due_lair_maze_entry_diamond, serial_shops,
          nicolae_shop_pleasant_corner_grove, nicolae_shop_firing_range,
          uniq_urug, uniq_sonja, uniq_snorg
D:11:     layout_long_grid, serial_shops, bzr_firewalk, corexii_checkpoint,
          kennysheep_generic_room_15
D:12:     layout_loops_ring, serial_glass, glass_columns_b, glass_columns_c,
          kb_lookout_dungeons_type, grunt_ministairs_2
D:13:     layout_small_grid, hellmonk_vaults_order_and_chaos,
          david_defended_altar_orc, uniq_josephine
D:14:     layout_roguey, minmay_misc_feat_secret_circle, serial_bayou_pond_e,
          uniq_rupert, uniq_agnes
D:15:     hangedman_depths_entry_civil_slaughter, layout_loops_corners,
          amethyst_killhole
Lair:1:   layout_chaotic_city, lemuel_fruit_tree, grunt_megastairs_4
Lair:2:   layout_regular_city, maelrawn_ghost_gauntlet_escape
Lair:3:   layout_cellular_growth, alex1729_swamp_entry_worm_eleionoma,
          nicolae_snake_entry_warm_welcome, grunt_megastairs_1
Lair:4:   layout_gridlike, dpeg_slime_entry_corner, beast_lair_carwin_10,
          grunt_megastairs_2, serial_bayou_shore_b
Lair:5:   hangedman_lair_caniforms_friends, layout_gridlike,
          guppyfry_lair_end_dragon, dreamdust_gnoll_shepherd
Snake:1:  layout_misc_corridors, basic_altar, serial_shops,
          nicolae_shop_overgrown_old_shop, uniq_aizul, uniq_asterion,
          uniq_mlioglotl
Snake:2:  layout_rooms, basic_altar, serial_shops, nicolae_shop_rolling_square,
          minmay_shop_star
Snake:3:  layout_onion_interference, uniq_louise, uniq_bai_suzhen
Orc:1:    layout_caves
Orc:2:    kennysheep_orc_mage_school, layout_caves

Skill      XL: |  1  2  3  4  5  6  7  8  9 10 11 12 13 14 15 16 17 |
---------------+----------------------------------------------------+-----
Fighting       | 3 4 5 7 9 10 11 13 15 | 15.0
Maces & Flails | 2 3 5 7 9 10 12 14 16 | 16.0
Invocations    | 5 8 10 | 10.7
Armour         | 8 10 | 10.0
Shields        | 4 7 10 | 10.0
Dodging        | 3 6 |  6.3
Evocations     | 3 5 |  5.0

Action                     |  1- 3 |  4- 6 |  7- 9 | 10-12 | 13-15 | 16-18 || total
---------------------------+-------+-------+-------+-------+-------+-------++-------
  Melee: Flail             |    88 |    85 |    65 |       |       |       ||   238
         Bite              |    20 |    19 |    24 |    82 |   288 |   126 ||   559
         Dire flail        |       |       |    51 |   238 |       |       ||   289
         Demon whip        |       |       |       |    15 |       |       ||    15
         Eveningstar       |       |       |       |    48 |   772 |   353 ||  1173
  Throw: Dart              |     3 |       |       |     4 |     4 |     2 ||    13
 Invoke: Ancestor Life: Ba |       |     1 |       |       |       |       ||     1
         Recall Ancestor   |       |       |     2 |     3 |     2 |     4 ||    11
         Transference      |       |       |       |       |     1 |       ||     1
         Idealise          |       |       |       |       |       |     1 ||     1
  Evoke: Wand              |       |       |       |       |     3 |     2 ||     5
    Use: Scroll            |       |       |       |    18 |     8 |     3 ||    29
         Potion            |       |       |       |       |     1 |     2 ||     3
   Stab: Distracted        |       |       |     1 |     6 |     8 |     5 ||    20
 Armour: Scale mail        |    64 |       |       |       |       |       ||    64
         Chain mail        |     4 |     8 |       |       |       |       ||    12
         Plate armour      |       |    51 |    95 |   304 |   710 |   227 ||  1387
  Dodge: Dodged            |    33 |    12 |    72 |   187 |   441 |   105 ||   850
  Block: Buckler           |    21 |    25 |    18 |       |       |       ||    64
         Reflection        |       |     1 |       |       |       |       ||     1
         Kite shield       |       |       |       |       |    55 |   208 ||   263

Table legend: (Time is in decaauts)
 A = Elapsed time spent in this place.
 B = Non-inter-level travel time spent in this place.
 C = Inter-level travel time spent in this place.
 D = Time resting spent in this place.
 E = Time spent auto-exploring this place.
 F = Levels seen in this place.
 G = Mean time per level.
                   A        B        C        D        E       F      G
               +--------+--------+--------+--------+--------+-----+--------+
         Total |  21756 |  20474 |   1282 |    279 |  15454 |  27 |  805.8 |
       Dungeon |  13021 |  12198 |    823 |     85 |   9507 |  15 |  868.1 |
          Lair |   5188 |   4877 |    311 |     37 |   3657 |   5 | 1037.6 |
     Snake Pit |   1386 |   1323 |     63 |    117 |    804 |   3 |  462.0 |
  Orcish Mines |   1393 |   1309 |     84 |     35 |    953 |   2 |  696.5 |
        Bazaar |     81 |     81 |      0 |      0 |     52 |   1 |   81.0 |
         Sewer |    684 |    684 |      0 |      5 |    480 |   1 |  684.0 |
               +--------+--------+--------+--------+--------+-----+--------+

Top non-repeatable levels by time:
  Lair:5: 1357 daAuts
    D:10: 1204 daAuts
  Lair:3: 1140 daAuts
     D:4: 1131 daAuts
     D:9: 1049 daAuts
     D:6: 974 daAuts
  Lair:4: 956 daAuts
   Orc:2: 932 daAuts
    D:11: 923 daAuts
     D:1: 919 daAuts
    D:15: 901 daAuts
  Lair:2: 875 daAuts
  Lair:1: 859 daAuts
     D:3: 840 daAuts
     D:8: 790 daAuts
